 Dungeon Crawl Stone Soup version 0.31-a0-365-gcf821ca (webtiles) character file.

Game seed: 967551105114469051

51 Dorkslayer the Insei (level 3, -1/23 HPs)
             Began as an Octopode Shapeshifter on July 27, 2023.
             Succumbed to an adder's poison
             ... on level 2 of the Dungeon.
             The game lasted 00:02:50 (911 turns).

Dorkslayer the Insei (Octopode Shapeshifter)         Turns: 911, Time: 00:02:50

Health: -1/23      AC:  1    Str: 14    XL:     3   Next: 83%
Magic:  3/3        EV: 13    Int: 10    God:
Gold:   49         SH:  0    Dex: 14    Spells: 2/2 levels left

rFire   . .          .
                       - Unarmed
rCold   . . .        (no shield)
rNeg    . . .        (helmet currently unavailable)
rPois   .            (no amulet)
rElec   .            (no ring)
rCorr   .            (no ring)
SInv    .            (no ring)
Will    +....        (no ring)
Stlth   +++          (no ring)
HPRegen 0.23/turn    (no ring)
MPRegen 0.08/turn    (no ring)
                     (no ring)

%: no passive effects
@: brilliant, lethally poisoned (-1 -> -17), beast-form, enlightened, flying
A: beast (slay +2), almost no armour, amphibious, 8 rings, camouflage 1,
gelatinous body 1, (nimble swimmer 1), tentacles
a: Begin Untransformation


You were on level 2 of the Dungeon.
You were a hulking beast.
You visited 1 branch of the dungeon, and saw 2 of its levels.

You collected 49 gold pieces.

Inventory:

Missiles
 h - 6 javelins
Talismans
 b - a beast talisman
Potions
 a - a potion of lignification
 f - a potion of enlightenment
 g - a potion of heal wounds {unknown}
 i - a potion of curing {unknown}


   Skills:
 + Level 1.2 Fighting
 + Level 2.2 Dodging
 + Level 1.0 Stealth
 + Level 3.7 Unarmed Combat
 + Level 3.4 Shapeshifting


You had 2 spell levels left.
You didn't know any spells.
Your spell library was empty.

Dungeon Overview and Level Annotations

Branches:
Dungeon (2/15)

Altars:


Innate Abilities, Weirdness & Mutations

You are a hulking beast.
Your limbs bulge with bestial killing power. (Slay +2)
You cannot wear most types of armour.
You are amphibious.
You can wear up to eight rings at the same time.
Your skin changes colour to match your surroundings (Stealth+).
Your rubbery body absorbs attacks. (AC +1, EV +1)
((You are camouflaged when in or above water. (Stealth+)))
You have tentacles for arms and can constrict up to eight enemies at once.


Message History

You bludgeon the adder! You grab the adder.
The adder is severely wounded.
You constrict the adder. The adder closely misses you.
You tentacle-slap the adder.
You kill the adder!
You see here an adder corpse.
You tentacle-slap the rat but do no damage.
You grab the rat. You constrict the rat. You tentacle-slap the rat.
You kill the rat!
You see here a rat corpse.
An adder comes into view.
The adder hisses angrily.
An adder comes into view.
The adder hisses angrily.
The adder closely misses you. The adder attacks as you move away!
The adder closely misses you. The adder bites you. x2
You are poisoned.
The adder poisons you!
You closely miss the adder. You grab the adder. You tentacle-slap the adder.
The adder is heavily wounded.
You constrict the adder.
You feel sick. The adder closely misses you. The adder barely misses you.
The adder bites you.
You are more poisoned.
The adder poisons you!
You tentacle-slap the adder.
You kill the adder!
You feel sick. The adder bites you.
You are lethally poisoned!
The adder poisons you!
Your Stealth skill increases to level 1!
The adder attacks as you move away! The adder bites you.
You are more poisoned.
The adder poisons you!
* * * LOW HITPOINT WARNING * * *
You feel very sick.
It was a potion of brilliance.
You feel clever all of a sudden.
You die...

###### ##
#....# .
#....# .# #
#....# #.##.#
#....##......
#....†......#
#....†.......
##..........#
#h#.##..##.#
#S#.# ..# .
#.#.. ..#
#.#... .#
#.#####.# ..#
.## . ..


You could see an adder.

Vanquished Creatures
  2 adders (D:2)
  A ball python (D:1)
  2 bats (D:1)
  2 endoplasms (D:1)
  A goblin (D:1)
  3 hobgoblins (D:1)
  10 jackals (D:1)
  3 kobolds (D:1)
  A quokka (D:1)
  3 rats
28 creatures vanquished.

Notes
Turn   | Place    | Note
-------+----------+-------------------------------------------
     0 | D:1      | Dorkslayer the Octopode Shapeshifter began the quest for
                  | the Orb.
     0 | D:1      | Reached XP level 1. HP: 13/13 MP: 1/1
   130 | D:1      | Reached XP level 2. HP: 17/18 MP: 2/2
   466 | D:1      | Reached XP level 3. HP: 23/23 MP: 3/3
   910 | D:2      | Reached skill level 1 in Stealth
   911 | D:2      | Succumbed to an adder's poison

Illustrated notes

Levels and vault maps discovered:
D:1:      dpeg_arrival_chambers_temple_mockup, layout_basic
D:2:      layout_basic, basic_altar, minmay_misc_feat_plants,
          hangedman_decor_points

Skill      XL: |  1  2  3 |
---------------+----------+-----
Stealth        | 1 |  1.0
Fighting       | |  1.2
Dodging        | |  2.2
Unarmed Combat | |  3.7
Shapeshifting  | |  3.4

Action                     || total
---------------------------++-------
  Melee: Unarmed           ||    56
         Constrict         ||    18
         Punch             ||     3
         Tentacles         ||     5
    Use: Scroll            ||     4
         Potion            ||     2
   Stab: Sleeping          ||     5
 Armour: Skin              ||     7
  Dodge: Dodged            ||    34

Table legend: (Time is in decaauts)
 A = Elapsed time spent in this place.
 B = Non-inter-level travel time spent in this place.
 C = Inter-level travel time spent in this place.
 D = Time resting spent in this place.
 E = Time spent auto-exploring this place.
 F = Levels seen in this place.
 G = Mean time per level.
                   A        B        C        D        E       F      G
               +--------+--------+--------+--------+--------+-----+--------+
         Total |    907 |    907 |      0 |     64 |    366 |   2 |  453.5 |
       Dungeon |    907 |    907 |      0 |     64 |    366 |   2 |  453.5 |
               +--------+--------+--------+--------+--------+-----+--------+

Top non-repeatable levels by time:
     D:1: 880 daAuts
     D:2: 27 daAuts
